 Dungeon Crawl Stone Soup version 0.31.0-9-g3a7656b989 (webtiles) character file.

Game seed: 7600950669812797285

44 Marvel the Chopper (level 3, -1/34 HPs)
             Began as a Hill Orc Berserker on Feb 6, 2024.
             Was a Believer of Trog.
             Slain by an adder (4 damage)
             ... on level 3 of the Dungeon.
             The game lasted 00:01:39 (2163 turns).

Marvel the Chopper (Hill Orc Berserker)             Turns: 2163, Time: 00:01:40

Health: -1/34      AC:  3    Str: 21    XL:     3   Next: 60%
Magic:  3/3        EV: 11    Int:  7    God:    Trog [**....]
Gold:   171        SH:  0    Dex: 10    Spells: 2/2 levels left

rFire   . . .        a - +0 hand axe
rCold   . . .        (no shield)
rNeg    . . .        h - +0 leather armour
rPois   .            (no helmet)
rElec   .            (no cloak)
rCorr   .            (no gloves)
SInv    .            (no boots)
Will    .....        (no amulet)
Stlth   +            (no ring)
HPRegen 0.25/turn    (no ring)
MPRegen 0.08/turn

%: no passive effects
@: lethally poisoned (-1 -> -6)
A: no striking features
a: Renounce Religion, Berserk, Trog's Hand


You were on level 3 of the Dungeon.
You worshipped Trog.
Trog was pleased with you.
You visited 1 branch of the dungeon, and saw 3 of its levels.

You collected 171 gold pieces.

Inventory:

Hand Weapons
 a - a +0 hand axe (weapon)
Missiles
 e - 5 poisoned darts
 g - 10 javelins (quivered)
Armour
 b - a +0 animal skin
 h - a +0 leather armour (worn)
Scrolls
 c - a scroll of blinking {unknown}
 f - a scroll of noise {unknown}
 i - a scroll of identify {unknown}
 j - a scroll of brand weapon {unknown}
 l - a scroll of fear {unknown}
Potions
 d - 4 potions of curing {unknown}
 k - 2 potions of lignification {unknown}


   Skills:
 + Level 4.4 Fighting
 + Level 4.8 Axes
 + Level 2.3 Armour
 + Level 2.0 Dodging


You had 2 spell levels left.
You didn't know any spells.
Your spell library was empty.

Dungeon Overview and Level Annotations

Branches:
Dungeon (3/15)

Altars:
Uskayaw


Message History

The adder bites you but does no damage. The adder bites you.
You are poisoned.
The adder poisons you!
You barely miss the adder.
The adder is severely wounded.
You feel sick. The adder bites you.
You are more poisoned.
The adder poisons you!
You miss the adder.
The adder is severely wounded.
You feel sick. The adder barely misses you. The adder bites you.
You are more poisoned.
The adder poisons you!
You are too injured to fight recklessly!
You are too injured to fight recklessly!
You are too injured to fight recklessly!
You miss the adder.
The adder is severely wounded.
You feel very sick. The adder closely misses you.
You miss the adder.
The adder is severely wounded.
You feel sick. The adder bites you.
* * * LOW HITPOINT WARNING * * *
You are lethally poisoned!
The adder poisons you!
You barely miss the adder.
The adder is severely wounded.
* * * LOW HITPOINT WARNING * * *
You feel very sick. The adder bites you but does no damage.
The adder barely misses you.
You hit the adder.
The adder is almost dead.
* * * LOW HITPOINT WARNING * * *
You feel sick. The adder barely misses you.
You closely miss the adder.
The adder is almost dead.
* * * LOW HITPOINT WARNING * * *
You feel sick. The adder bites you.
You die...

# #.# #.# #.# #.#
##### #.# ##...##
#.# ##.....## #S#
#.......########@#
................<#
#.......##########
##.....## ##...##
#####


You could see an adder.

Vanquished Creatures
  An adder (D:2)
  An endoplasm (D:1)
  3 giant cockroaches
  2 goblins (D:1)
  4 hobgoblins
  3 quokkas (D:1)
  3 ball pythons
  4 bats
  3 frilled lizards
  3 kobolds
  5 rats
32 creatures vanquished.

Notes
Turn   | Place    | Note
-------+----------+-------------------------------------------
     0 | D:1      | Marvel the Hill Orc Berserker began the quest for the Orb.
     0 | D:1      | Reached XP level 1. HP: 19/19 MP: 1/1
   357 | D:1      | Reached XP level 2. HP: 21/27 MP: 2/2
  1059 | D:2      | Reached XP level 3. HP: 15/34 MP: 3/3
  1411 | D:2      | Found a hide-covered altar of Uskayaw.
  1835 | D:2      | Reached ** piety under Trog
  2163 | D:3      | Slain by an adder

Illustrated notes

Levels and vault maps discovered:
D:1:      saegor_arrival_simple_c, layout_basic, serial_forest,
          infiniplex_forest_lined_room_, infiniplex_forest_straight_5,
          infiniplex_forest_clump_large, infiniplex_forest_straight_3,
          infiniplex_forest_lined_2, infiniplex_forest_straight_1,
          infiniplex_forest_straight_3, serial_bayou_lake_a
D:2:      layout_basic, basic_altar
D:3:      layout_loops_ring, nicolae_qazlal_scattered_showers,
          mainiacjoe_sewer_entry_somewhere_in_here_2, uniq_robin, uniq_terence

Skill      XL: |  1  2  3 |
---------------+----------+-----
Fighting       | 4 |  4.4
Dodging        | 2 |  2.0
Axes           | |  4.8
Armour         | |  2.3

Action                     || total
---------------------------++-------
  Melee: Hand axe          ||   159
         Punch             ||     1
   Stab: Sleeping          ||     1
 Armour: Animal skin       ||    31
         Leather armour    ||    59
  Dodge: Dodged            ||    89
